 Dungeon Crawl Stone Soup version 0.31-a0-263-ge8cad7f256 (webtiles) character file.

Game seed: 9367097613039385642

57 qw the Shooter (level 3, -6/29 HPs)
             Began as a Minotaur Hexslinger on July 13, 2023.
             Killed from afar by Natasha (8 damage)
             ... with a magic dart
             ... on level 2 of the Dungeon.
             The game lasted 00:00:35 (1088 turns).

qw the Shooter (Minotaur Hexslinger)                Turns: 1088, Time: 00:00:36

Health: -6/29      AC:  4    Str: 12    XL:     3   Next: 73%
Magic:  3/3        EV: 12    Int: 10    God:
Gold:   118        SH:  0    Dex: 14    Spells: 3/4 levels left

rFire   . . .        Y - +1 sling
rCold   . . .        (no shield)
rNeg    . . .        h - +0 leather armour
rPois   .            (helmet restricted)
rElec   .            (no cloak)
rCorr   .            (no gloves)
SInv    .            e - +0 pair of boots
Will    .....        (no amulet)
Stlth   +            (no ring)
HPRegen 0.24/turn    (no ring)
MPRegen 0.08/turn

%: no passive effects
@: no status effects
A: horns 2, retaliatory headbutt
a: no special abilities


You were on level 2 of the Dungeon.
You visited 1 branch of the dungeon, and saw 2 of its levels.

You collected 118 gold pieces.


Innate Abilities, Weirdness & Mutations

You have a pair of horns on your head.
You reflexively headbutt those who attack you in melee.


   Skills:
 - Level 2.0 Fighting
 + Level 4.3 Ranged Weapons
 - Level 2.1 Dodging
 - Level 1.0 Spellcasting
 - Level 2.0 Hexes


You had 3 spell levels left.
You knew the following spells:

 Your Spells              Type           Power      Damage    Failure   Level
a - Slow                  Hex            16%        N/A       19%         1

Your spell library contained the following spells:

 Spells                   Type           Power      Damage    Failure   Level
 Inner Flame              Hex/Fire       2%         N/A       65%         3
 Portal Projectile        Hex/Tloc       4%         N/A       65%         3
 Cause Fear               Hex            2%         N/A       88%         4

Inventory:

Hand Weapons
 Y - a +1 sling (weapon)
Armour
 b - a +0 ring mail
 e - a +0 pair of boots (worn)
 h - a +0 leather armour (worn)
Jewellery
 d - a ring of flight
Scrolls
 a - a scroll of enchant armour {unknown}
 c - a scroll of fog {unknown}
Potions
 f - a potion of heal wounds {unknown}
 j - 2 potions of degeneration {unknown}

Dungeon Overview and Level Annotations

Branches:
Dungeon (2/15)

Altars:

Annotations:
D:2 Natasha


Message History

The sling bullet barely misses the cerulean imp.
The sling bullet closely misses the cerulean imp.
The sling bullet closely misses Natasha.
The cerulean imp hits you from afar with a +2 spear.
You shoot a sling bullet. The sling bullet hits the cerulean imp.
The cerulean imp is heavily wounded.
The cerulean imp closely misses you.
The cerulean imp hits you from afar with a +2 spear.
The cerulean imp closely misses you.
You shoot a sling bullet. The sling bullet hits the cerulean imp.
The cerulean imp is heavily wounded.
The cerulean imp hits you from afar with a +2 spear.
The cerulean imp hits you from afar with a +0 spear.
The cerulean imp barely misses you. The cerulean imp closely misses you.
You shoot a sling bullet.
The sling bullet closely misses the cerulean imp.
The sling bullet hits Natasha.
Natasha is moderately wounded.
The cerulean imp hits you but does no damage.
The cerulean imp hits you from afar with a +0 spear.
The cerulean imp hits you from afar with a +2 spear!
You shoot a sling bullet.
The sling bullet closely misses the cerulean imp.
The sling bullet hits Natasha.
Natasha is severely wounded.
The cerulean imp hits you from afar with a +0 spear.
The cerulean imp closely misses you.
The cerulean imp hits you but does no damage.
Natasha mewls in sadness.
You shoot a sling bullet.
The sling bullet hits the cerulean imp but does no damage.
The cerulean imp is heavily wounded.
The cerulean imp disappears in a puff of smoke!
The cerulean imp barely misses you. The cerulean imp misses you.
The cerulean imp closely misses you.
The cerulean imp hits you from afar with a +0 spear.
You shoot a sling bullet. The sling bullet barely misses Natasha.
Natasha casts a spell at you. The magic dart hits you!
You die...

#.#.###### #........# #######
###.####.# #...... ###.####.# .
#...... ......##.# .
#######...... <...#.##.## #####.
#............ .#........# #....
#............
.#...####%####..#+###............
######.......#..@.h........######
...) #.......#....5........#
######.......#....5........#
#.+.......'.............#
#.#.......#...........###
#.#.......#%..........#
#.#.......#......>....#
####.####'############...#
...'......# #...#


You could see Natasha and 2 cerulean imps.

Vanquished Creatures
  An adder (D:2)
  A worm (D:1)
  5 ball pythons
  6 endoplasms
  2 giant cockroaches (D:1)
  2 goblins (D:1)
  6 hobgoblins
  6 kobolds
  2 quokkas
  4 bats
  2 frilled lizards
  4 rats
41 creatures vanquished.

Notes
Turn   | Place    | Note
-------+----------+-------------------------------------------
     0 | D:1      | qw the Minotaur Hexslinger began the quest for the Orb.
     0 | D:1      | Reached XP level 1. HP: 16/16 MP: 1/1
     0 | D:1      | 0 ||| qw: Version: 0.3-a-52-g30416fa
     0 | D:1      | 0 ||| qw: Game counter: 7547
     0 | D:1      | 0 ||| qw: Melee chars always use a shield: true
     0 | D:1      | 0 ||| qw: God list: Okawaru
     0 | D:1      | 0 ||| qw: Allow faded altars: false
     0 | D:1      | 0 ||| qw: Do Orc after clearing Dungeon:15 true
     0 | D:1      | 0 ||| qw: Do second Lair branch before Depths: true
     0 | D:1      | 0 ||| qw: Lair rune preference: random
     0 | D:1      | 0 ||| qw: Goals: Normal
     0 | D:1      | 0 ||| PLANNING D:1-11
    43 | D:1      | Found a faded altar of an unknown god.
    97 | D:1      | HP: 4/16 [frozen (2)]
   169 | D:1      | Reached skill level 3 in Ranged Weapons
   169 | D:1      | Reached XP level 2. HP: 23/23 MP: 2/2
   296 | D:1      | 296 ||| FLEEEEING.
   297 | D:1      | 297 ||| FLEEEEING.
   557 | D:1      | 557 ||| UPGRADING to +0 pair of boots.
   562 | D:1      | 562 ||| UPGRADING to +0 leather armour.
   572 | D:1      | 572 ||| DROPPING +0 robe.
   573 | D:1      | 573 ||| READING scroll labelled NIXYTE UZ MEQU.
   574 | D:1      | 574 ||| READING scroll labelled NAEKHA BITAFOKOI.
   578 | D:1      | 578 ||| READING scroll labelled RUCLYI TITO.
   579 | D:1      | 579 ||| DROPPING scroll of poison.
   602 | D:2      | 602 ||| STAIRDANCE
   607 | D:1      | Reached XP level 3. HP: 25/29 MP: 3/3
   656 | D:2      | Reached skill level 4 in Ranged Weapons
  1068 | D:2      | Noticed Natasha
  1070 | D:2      | 1070 ||| FLEEEEING.
  1071 | D:2      | 1071 ||| FLEEEEING.
  1072 | D:2      | 1072 ||| FLEEEEING.
  1073 | D:2      | 1073 ||| FLEEEEING.
  1074 | D:2      | 1074 ||| FLEEEEING.
  1075 | D:2      | 1075 ||| FLEEEEING.
  1076 | D:2      | 1076 ||| FLEEEEING.
  1077 | D:2      | 1077 ||| FLEEEEING.
  1078 | D:2      | 1078 ||| FLEEEEING.
  1079 | D:2      | 1079 ||| FLEEEEING.
  1080 | D:2      | 1080 ||| FLEEEEING.
  1085 | D:2      | HP: 3/29 [cerulean imp/+2 spear[Natasha] (7)]
  1088 | D:2      | Killed from afar by Natasha

Levels and vault maps discovered:
D:1:      ncdulo_smallfort, layout_rooms, shapermc_ecumenical_altar_mp_highgroup
D:2:      layout_basic, basic_altar, kennysheep_generic_room_8,
          uniq_crazy_yiuf_cottage, uniq_natasha

Skill      XL: |  1  2  3 |
---------------+----------+-----
Ranged Weapons | 3 4 |  4.3
Fighting       | 2 |  2.0
Dodging        | |  2.1
Spellcasting   | |  1.0
Hexes          | |  2.0

Action                     || total
---------------------------++-------
   Fire: Sling             ||   132
    Use: Scroll            ||     3
 Armour: Robe              ||     4
         Leather armour    ||    15
  Dodge: Dodged            ||    49

Table legend:
 A = Non-vault XP
 B = Vault XP
 C = Vault XP percentage of total XP
 D = Non-vault monster count
 E = Vault monster count
 F = Vault count percentage of total count
                 A         B        C        D         E       F
            +---------+---------+-------+---------+---------+-------
      Total |      81 |       1 |   1.2 |      40 |       1 |   2.4
            +---------+---------+-------+---------+---------+-------
        D:1 |      46 |       0 |   0.0 |      27 |       0 |   0.0
        D:2 |      35 |       1 |   2.8 |      13 |       1 |   7.1
            +---------+---------+-------+---------+---------+-------
